AoeStats
← NoFanMePlz

Migration

510088898Analyzed
1v1 RM · 1d ago on Sep 29, 2026· 37m 5s· 2 players
Game mode
Random Map
Map size
132×132
Population
200
Speed
Normal
Resources
Standard
Victory
Conquest
Starting age
Dark Age
Ending age
Imperial Age
RankedLock teamsTeams togetherTeam positionsShared explorationLock speedFull tech treeHidden civsTurbo modeCheats
Victory
Defeat
🇦🇷 Vikings · Argentina
816
+14
🇩🇪 Danes · Germany
775
-14
Whololo_95
12:25 Feudal Age
13:20 Double-Bit Axe
14:13 Wheelbarrow
13:34 Gold Mining
13:41 Fishing Lines
20:08 Horse Collar
22:46 Castle Age
20:58 Man-at-Arms
21:24 Arson
21:36 Stone Mining
22:29 Forging
22:19 Scale Mail Armor
22:22 Fletching
23:38 Bow Saw
23:40 Heavy Plow
24:20 Iron Casting
24:17 Gillnets
25:17 Medium Warships
26:09 Gold Shaft Mining
NoFanMePlz
9:16 Loom
11:42 Feudal Age
12:08 Double-Bit Axe
12:19 Horse Collar
15:51 Town Watch
15:51 Fishing Lines
18:57 Castle Age
17:31 Fletching
17:52 Gold Mining
17:53 Stone Mining
20:02 Bow Saw
19:53 Heavy Plow
20:30 Padded Archer Armor
20:26 Bodkin Arrow
22:33 Gillnets
23:56 Careening
23:58 Clinker Construction
31:47 Imperial Age
30:38 Leather Archer Armor
31:50 Elite Longship
32:37 Bracer
33:00 Ballistics
33:42 Chemistry
32:56 Bogsveigar
36:56 Ring Archer Armor
Connection lost

Rejoining the realm…

Still unreachable

The connection could not be restored.

Session expired

The server has moved on; the page needs a fresh start.